 Dungeon Crawl Stone Soup version 0.23.2-30-g0e89c35649 (webtiles) character file.

Game seed: 8418910208963477998

632 Pyrotika the Skirmisher (level 7, -8/61 HPs)
             Began as a Hill Orc Fighter on June 10, 2019.
             Mangled by an ogre
             ... wielding a +0 giant club
              (11 damage)
             ... on level 3 of the Dungeon.
             The game lasted 00:17:56 (3530 turns).

Pyrotika the Skirmisher (Hill Orc Fighter)          Turns: 3530, Time: 00:17:57

Health: -8/61      AC: 13    Str: 21    XL:     7   Next: 49%
Magic:  7/7        EV:  4    Int:  8    God:
Gold:   203        SH: 10    Dex: 10    Spells: 6/6 levels left

rFire    . . .     SeeInvis .   a - +1 short sword (speed)
rCold    . . .     Gourm    .   c - +0 shield
rNeg     . . .     Faith    .   v - +0 plate armour
rPois    .         Spirit   .   (no helmet)
rElec    .         Reflect  .   (no cloak)
rCorr    .         Harm     .   n - +0 pair of gloves
MR       .....                  (no boots)
Stlth    ..........             (no amulet)
HPRegen  0.20/turn              (no ring)
MPRegen  0.10/turn              (no ring)

@: no status effects
A: no striking features
a: no special abilities


You were on level 3 of the Dungeon.
You were not hungry.

You visited 1 branch of the dungeon, and saw 4 of its levels.

You collected 203 gold pieces.

Inventory:

Hand Weapons
 a - a +1 short sword of speed (weapon)
 b - a +0 hunting sling
 w - a +0 morningstar
Missiles
 k - 112 stones (quivered)
Armour
 c - a +0 shield (worn)
 n - a +0 pair of gloves (worn)
 v - a +0 plate armour (worn)
Jewellery
 g - an uncursed ring of protection from magic {unknown}
 q - an uncursed amulet of regeneration {unknown}
 u - a cursed ring of teleportation {unknown}
Wands
 o - a wand of flame (7)
Scrolls
 e - a scroll of amnesia {unknown}
 l - a scroll of magic mapping {unknown}
 p - a scroll of teleportation {unknown}
 s - 2 scrolls of identify {unknown}
 x - a scroll of remove curse {unknown}
 y - a scroll of immolation {unknown}
Potions
 d - a potion of might
 h - 4 potions of heal wounds {unknown}
 i - 2 potions of curing {unknown}
 j - a potion of haste {unknown}
 m - a potion of flight {unknown}
 r - a potion of lignification {unknown}
 t - 3 potions of degeneration {unknown}
Comestibles
 f - 3 rations


   Skills:
 + Level 5.4 Fighting
 + Level 2.0 Short Blades
   Level 4.8 Axes
 + Level 2.2 Slings
 + Level 4.9 Armour
 + Level 1.2 Dodging
 + Level 0.1 Stealth
 + Level 5.0 Shields


You had 6 spell levels left.
You didn't know any spells.
Your spell library was empty.

Dungeon Overview and Level Annotations

Branches:
Dungeon (4/15)
 Temple: D:4-7

Altars:
Vehumet

Annotations:
D:4 exclusion: statue


Message History

You hit the orc.
The orc is moderately wounded.
You hit the orc.
The orc is almost dead.
You block the orc's attack. You block the ogre's attack.
Your shield and plate armour prevent you from hitting the orc.
The orc is almost dead.
The orc hits you but does no damage.
You completely miss the orc.
The orc is almost dead.
The ogre hits you with a +0 giant club!
* * * LOW HITPOINT WARNING * * *
The orc barely misses you.
You barely miss the orc.
The orc is almost dead.
The ogre hits you with a +0 giant club!
* * * LOW HITPOINT WARNING * * *
The orc hits you but does no damage. The ogre hits you with a +0 giant club!
You die...

.# #####.#.#
#.# .# #.#.#
#.# ## #.#.#
#.#
########.#.#
#.#
##.......#.#
#.#
##.#######.#
#.# ...#
#.####.##
####
#.....o(#
######.@#
##O# #.# #.#
#.#
########[#
#........##
#.#####...##
#.#
##.....##


You could see an ogre and an orc.

Vanquished Creatures
  3 ogres
  A bullfrog (D:2)
  A scorpion (D:4)
  An orc priest (D:3)
  Natasha (thrice) (D:2)
  4 gnolls (D:4)
  3 adders
  An ooze (D:1)
  3 dart slugs
  3 leopard geckos
  5 orcs (D:3)
  A ball python (D:3)
  6 giant cockroaches
  6 goblins
  5 hobgoblins
  10 jackals
  8 kobolds
  3 quokkas
  9 bats
  7 frilled lizards
  6 rats
89 creatures vanquished.

Notes
Turn   | Place    | Note
-------+----------+-------------------------------------------
     0 | D:1      | Pyrotika the Hill Orc Fighter began the quest for the Orb.
     0 | D:1      | Reached XP level 1. HP: 19/19 MP: 1/1
   156 | D:1      | Reached XP level 2. HP: 20/26 MP: 2/2
   303 | D:1      | Reached XP level 3. HP: 32/33 MP: 3/3
   875 | D:2      | Reached XP level 4. HP: 39/40 MP: 4/4
   960 | D:2      | Noticed Natasha
   978 | D:2      | Killed Natasha
  1244 | D:2      | Noticed Natasha
  1255 | D:2      | Killed Natasha
  1324 | D:2      | Reached XP level 5. HP: 47/47 MP: 5/5
  1432 | D:2      | Noticed Natasha
  1437 | D:2      | Killed Natasha
  1585 | D:3      | Reached skill level 1 in Slings
  1617 | D:3      | Reached XP level 6. HP: 53/53 MP: 6/6
  1700 | D:3      | Reached skill level 1 in Dodging
  2711 | D:4      | Found a radiant altar of Vehumet.
  2761 | D:4      | Reached skill level 1 in Short Blades
  2761 | D:4      | Reached XP level 7. HP: 3/60 MP: 7/7
  3187 | D:4      | Reached skill level 5 in Fighting
  3315 | D:3      | Reached skill level 5 in Shields
  3529 | D:3      | HP: 3/61 [ogre/+0 giant club (10)]
  3530 | D:3      | Mangled by an ogre

Skill      XL: |  1  2  3  4  5  6  7 |
---------------+----------------------+-----
Shields        | 4 5 |  5.0
Axes           | 3 4 |  4.8
Fighting       | 4 5 |  5.4
Armour         | 4 |  4.9
Slings         | 1 2 |  2.2
Dodging        | 1 |  1.2
Short Blades   | 1 2 |  2.0
Stealth        | |  0.1

Action                   |  1- 3 |  4- 6 |  7- 9 || total
-------------------------+-------+-------+-------++-------
Melee: War axe           |   136 |   100 |       ||   236
       Short sword       |       |    91 |    43 ||   134
 Fire: Hunting sling     |    12 |    52 |     1 ||    65
  Eat: Ration            |       |     2 |     1 ||     3
Armor: Scale mail        |    80 |    44 |       ||   124
       Plate armour      |       |    38 |    13 ||    51
Dodge: Dodged            |    51 |    34 |     6 ||    91
Block: Shield            |    95 |    83 |    11 ||   189
